 Dungeon Crawl Stone Soup version 0.28.0-43-g3370ac3207 (webtiles) character file.

Game seed: 3829149775406229686

102 croobank the Skirmisher (level 4, -5/41 HPs)
             Began as a Hill Orc Fighter on Mar 5, 2022.
             Slain by a gnoll
             ... wielding a +0 flail
              (8 damage)
             ... on level 1 of the Dungeon.
             The game lasted 00:04:08 (1304 turns).

croobank the Skirmisher (Hill Orc Fighter)          Turns: 1304, Time: 00:04:09

Health: -5/41      AC:  7    Str: 20    XL:     4   Next: 78%
Magic:  4/4        EV:  9    Int:  8    God:
Gold:   124        SH:  4    Dex: 10    Spells: 3/3 levels left

rFire   . . .      SeeInvis .   a - +0 war axe
rCold   . . .      Faith    .   c - +0 buckler
rNeg    . . .      Spirit   .   b - +0 scale mail
rPois   .          Reflect  .   (no helmet)
rElec   .          Harm     .   (no cloak)
rCorr   .          Rampage  .   (no gloves)
Will    .....                   (no boots)
Stlth   ..........              (no amulet)
HPRegen 0.13/turn               (no ring)
MPRegen 0.09/turn               (no ring)

@: no status effects
A: no striking features
a: no special abilities


You were on level 1 of the Dungeon.
You visited 1 branch of the dungeon, and saw 2 of its levels.

You collected 124 gold pieces.

Inventory:

Hand Weapons
 a - a +0 war axe (weapon)
Missiles
 f - 88 stones (quivered)
 j - 19 arrows
Armour
 b - a +0 scale mail (worn)
 c - a +0 buckler (worn)
Scrolls
 h - 3 scrolls of noise {unknown}
Potions
 d - a potion of might
 e - a potion of curing {unknown}
 g - a potion of heal wounds {unknown}
 i - a potion of attraction {unknown}


   Skills:
 + Level 4.5 Fighting
 + Level 3.9 Axes
 + Level 4.1 Armour
 + Level 4.0 Shields


You had 3 spell levels left.
You didn't know any spells.
Your spell library was empty.

Dungeon Overview and Level Annotations

Branches:
Dungeon (2/15)

Altars:


Message History

The gnoll barely misses you.
You barely miss the gnoll. You block the gnoll's attack.
The gnoll barely misses you.
You hit the gnoll.
The gnoll is heavily wounded.
You barely miss the gnoll. You block the gnoll's attack.
The gnoll hits you with a +0 flail!
You closely miss the gnoll. You hit the gnoll.
The gnoll hits you but does no damage. The gnoll hits you with a +0 club.
You barely miss the gnoll. You slash the gnoll!
You hit the gnoll but do no damage. The gnoll closely misses you.
The gnoll hits you with a +0 whip. The gnoll barely misses you.
The gnoll hits you with a +0 flail! You block the gnoll's attack.
You hit the gnoll but do no damage. You slash the gnoll!
You kill the gnoll!
You closely miss the gnoll. The gnoll hits you with a +0 club.
The gnoll hits you with a +0 flail.
* * * LOW HITPOINT WARNING * * *
The gnoll hits you with a +0 club.
* * * LOW HITPOINT WARNING * * *
There is a stone staircase leading up here.
The gnoll closely misses you.
You climb upwards.
There is a stone staircase leading down here.
You hit the gnoll.
The gnoll is lightly wounded.
The gnoll barely misses you.
You slash the gnoll!
The gnoll is almost dead.
The gnoll hits you with a +0 flail!
* * * LOW HITPOINT WARNING * * *
The gnoll closely misses you.
You closely miss the gnoll.
The gnoll is almost dead.
The gnoll hits you with a +0 flail.
* * * LOW HITPOINT WARNING * * *
You barely miss the gnoll.
The gnoll is almost dead.
The gnoll hits you with a +0 flail!
You die...

#......... #.P≈≈≈≈≈≈≈
#.≈≈≈≈≈≈≈≈ #.≈≈≈≈≈≈≈≈
#.P≈≈≈≈≈≈≈ #########
#......... #.......#
##........ #.#####g#
#..###.#.
#.#####@########..# #...
#.##..........#...# ###.
#.##.##.#####...#.###...
#.##.##.# #.............
#..[....# #.......##..#.
#####.### #.......##....
#####.### #.......##....
#.......# #.......##...#
#.#.###.# #.....÷.##....


You could see a gnoll.

Vanquished Creatures
  3 adders (D:2)
  2 gnolls (D:2)
  5 dart slugs
  5 endoplasms
  2 goblins (D:2)
  8 hobgoblins
  5 kobolds
  5 ball pythons
  2 bats (D:1)
  3 frilled lizards
  2 rats
42 creatures vanquished.

Notes
Turn   | Place    | Note
-------+----------+-------------------------------------------
     0 | D:1      | croobank the Hill Orc Fighter began the quest for the Orb.
     0 | D:1      | Reached XP level 1. HP: 19/19 MP: 1/1
   218 | D:1      | Reached XP level 2. HP: 23/27 MP: 2/2
   331 | D:1      | Found a faded altar of an unknown god.
   765 | D:1      | Reached XP level 3. HP: 33/33 MP: 3/3
  1109 | D:2      | Reached XP level 4. HP: 40/40 MP: 4/4
  1303 | D:1      | HP: 2/41 [gnoll/+0 flail (3)]
  1304 | D:1      | Slain by a gnoll

Illustrated notes

Levels and vault maps discovered:
D:1:      giann_bridges, layout_loops_cross,
          shapermc_ecumenical_altar_mp_highgroup
D:2:      layout_rooms

Skill      XL: |  1  2  3  4 |
---------------+-------------+-----
Axes           | 3 |  3.9
Fighting       | 4 |  4.5
Armour         | 4 |  4.1
Shields        | 4 |  4.0

Action                   |  1- 3 |  4- 6 || total
-------------------------+-------+-------++-------
Melee: War axe           |    74 |    30 ||   104
Armor: Scale mail        |    24 |    13 ||    37
Dodge: Dodged            |    38 |    17 ||    55
Block: Buckler           |    13 |    10 ||    23
